 Dungeon Crawl Stone Soup version 0.26-a0-1079-g3a4175ecf3 (webtiles) character file.

Game seed: 13204848239509211084

93 KristoblXynda the Slasher (level 4, 0/38 HPs)
             Began as a Draconian Gladiator on Dec 14, 2020.
             Slain by Grinder (6 damage)
             ... on level 3 of the Dungeon.
             The game lasted 00:03:50 (1926 turns).

KristoblXynda the Slasher (Draconian Gladiator)     Turns: 1926, Time: 00:03:51

Health: 0/38       AC:  5    Str: 16    XL:     4   Next: 36%
Magic:  4/4        EV: 13    Int:  9    God:
Gold:   133        SH:  0    Dex: 13    Spells: 3/3 levels left

rFire    . . .     SeeInvis .   a - +0 long sword
rCold    . . .     Faith    .   (no shield)
rNeg     . . .     Spirit   .   (armour unavailable)
rPois    .         Reflect  .   b - +0 hat
rElec    .         Harm     .   (no cloak)
rCorr    .         Rampage  .   (no gloves)
Will     .....                  (no boots)
Stlth    +.........             (no amulet)
HPRegen  0.12/turn              (no ring)
MPRegen  0.09/turn              (no ring)

@: no status effects
A: unfitting armour, cold-blooded, AC +5
a: no special abilities


You were on level 3 of the Dungeon.
You visited 1 branch of the dungeon, and saw 3 of its levels.

You collected 133 gold pieces.

Inventory:

Hand Weapons
 a - a +0 long sword (weapon)
 d - a +0 club
Missiles
 c - 3 throwing nets (quivered)
Armour
 b - a +0 hat (worn)
Jewellery
 q - an uncursed amulet of faith
Scrolls
 f - 2 scrolls of enchant weapon
 g - 4 scrolls of remove curse
 i - 2 scrolls of teleportation {unknown}
 j - a scroll of amnesia {unknown}
 k - a scroll of random uselessness {unknown}
 n - a scroll of immolation {unknown}
 o - a scroll of magic mapping {unknown}
 p - a scroll of enchant armour {unknown}
 r - a scroll of fear {unknown}
Potions
 e - a potion of attraction
 h - a potion of heal wounds
 m - 2 potions of curing


   Skills:
 + Level 3.2 Fighting
 * Level 4.1 Long Blades
 - Level 2.0 Throwing
 + Level 3.2 Dodging


You had 3 spell levels left.
You didn't know any spells.
Your spell library was empty.

Dungeon Overview and Level Annotations

Branches:
Dungeon (3/15)

Altars:
Dithmenos
Kikubaaqudgha
Okawaru
Yredelemnul

Annotations:
D:3 Grinder


Innate Abilities, Weirdness & Mutations

Your plain brown scales are hard. (AC +5)
You cannot fit into any form of body armour.
You are cold-blooded and may be slowed by cold attacks.


Message History

Unknown command.
The goblin shoots a stone.
The stone misses you.
The goblin unwields a +0 hunting sling.
The goblin wields a +0 club.
The goblin hits you with a +0 club.
Grinder says, "Tell me all your secrets, or I'll kill you."
You slash Grinder!
Grinder is severely wounded.
Grinder hits you.
You writhe in agony.
The goblin closely misses you.
Unknown command.
You hit the goblin.
You kill the goblin!
Grinder gestures at you. Pain shoots through your body!
* * * LOW HITPOINT WARNING * * *
Grinder hits you but does no damage.
Unknown command.
You feel better. Grinder hits you!
* * * LOW HITPOINT WARNING * * *
You writhe in agony.
You die...

. . .♣ ♣. ♣♣♣. ♣.. ♣)♣
################@##### ##
.....##.#......#.5...##...
.....'..# #.......(.......
.....##.# #.......(.......
.....'..# #.......((......
.....##.# #......######.##
#'#.....# #......# #
#.#<....# #......#
..####..# #......#


You could see Grinder.

Vanquished Creatures
  2 adders
  A worm (D:2)
  A dart slug (D:1)
  2 orcs
  4 bats
  A giant cockroach (D:3)
  8 goblins
  13 hobgoblins
  8 jackals
  5 kobolds
  3 quokkas (D:2)
  4 frilled lizards
  8 rats
60 creatures vanquished.

Notes
Turn   | Place    | Note
-------+----------+-------------------------------------------
     0 | D:1      | KristoblXynda the Draconian Gladiator began the quest for
                  | the Orb.
     0 | D:1      | Reached XP level 1. HP: 17/17 MP: 1/1
   243 | D:1      | Reached XP level 2. HP: 25/25 MP: 2/2
   640 | D:1      | Reached XP level 3. HP: 27/30 MP: 3/3
  1506 | D:2      | Reached XP level 4. HP: 38/38 MP: 4/4
  1622 | D:2      | Found an ancient bone altar of Kikubaaqudgha.
  1785 | D:3      | Reached skill level 4 in Long Blades
  1871 | D:3      | Found an iron altar of Okawaru.
  1871 | D:3      | Found a shadowy altar of Dithmenos.
  1872 | D:3      | Found a basalt altar of Yredelemnul.
  1909 | D:3      | Noticed Grinder
  1926 | D:3      | Slain by Grinder

Illustrated notes

Levels and vault maps discovered:
D:1:      dpeg_arrival_simpleton_c, layout_rooms, grunt_decor_junction
D:2:      layout_rooms, general_overflow_altar
D:3:      kb_forest_paths, layout_basic, gammafunk_temple_overflow_claw,
          minmay_fractal_squares_diagonal_5, uniq_grinder, uniq_ijyb,
          uniq_natasha

Skill      XL: |  1  2  3  4 |
---------------+-------------+-----
Throwing       | 2 |  2.0
Dodging        | 3 |  3.2
Fighting       | 3 |  3.2
Long Blades    | 4 |  4.1

Action                   |  1- 3 |  4- 6 || total
-------------------------+-------+-------++-------
Melee: Long sword        |   103 |    39 ||   142
       Tailslap          |    13 |     6 ||    19
  Use: Scroll            |     1 |     4 ||     5
       Potion            |       |     1 ||     1
 Stab: Sleeping          |     1 |     1 ||     2
Armor: Skin              |    22 |     9 ||    31
Dodge: Dodged            |    88 |    32 ||   120
       Rpst.: Long sword |    36 |     9 ||    45

Table legend: (Time is in decaauts)
 A = Elapsed time spent in this place.
 B = Non-inter-level travel time spent in this place.
 C = Inter-level travel time spent in this place.
 D = Time resting spent in this place.
 E = Time spent auto-exploring this place.
 F = Levels seen in this place.
 G = Mean time per level.
                   A        B        C        D        E       F      G
               +--------+--------+--------+--------+--------+-----+--------+
         Total |   1956 |   1908 |     48 |    439 |    972 |   3 |  652.0 |
       Dungeon |   1956 |   1908 |     48 |    439 |    972 |   3 |  652.0 |
               +--------+--------+--------+--------+--------+-----+--------+

Top non-repeatable levels by time:
     D:2: 1010 daAuts
     D:1: 790 daAuts
     D:3: 155 daAuts
